Map: Eternal Empire LE

Players

DnS - Winner!

  • Race: Protoss Protoss
  • Spawn Location: 7:00

goblin

  • Race: Protoss Protoss
  • League: Master
  • Spawn Location: 1:00

Event: DreamHack SC2 Masters 2020 Summer Europe

VOD

Have the link to the VOD?

Description

Time

  • Played on: July 4, 2020, 12:57 p.m.
  • Length: 4:42

All games in this series

Show
View Real Time Build Order
Export as new Build Order

DnS Protoss - Winner!

Build Orders: Phoenix Opening 

Get SALT Encoding   

  12  0:00  Probe  
  13  0:12  Probe  
  14  0:17  Pylon  
  14  0:23  Probe  
  15  0:32  Probe  
  15  0:37  Gateway  
  15  0:40  Probe  
  16  0:46  Assimilator  
  17  0:51  Probe  
  17  0:55  Assimilator  
  18  0:59  Probe  
  19  1:08  Probe  
  19  1:09  Gateway  
  19  1:17  Probe  
  20  1:25  Cybernetics Core  
  21  1:29  Probe  
  22  1:35  Pylon  
  22  1:41  Probe  
  23  1:53  Probe  
  24  2:01  Stalker x2  
  26  2:03  Warp Gate  
  28  2:11  Pylon  
  28  2:23  Stargate  
  28  2:27  Pylon  
  28  2:35  Stalker  
  30  2:41  Stalker  
  31  2:59  Gateway  
  31  3:10  Phoenix  
  33  3:17  Stalker x2  
  33  3:41  Shield Battery  
  33  3:43  Phoenix, Pylon  
  35  3:55  Stalker  
  37  3:57  Stalker  
  39  4:05  Stalker  
  37  4:40  Stalker x2, Zealot  
Show
View Real Time Build Order
Export as new Build Order

goblin Protoss 

Build Orders:  

Get SALT Encoding   

  12  0:00  Probe  
  13  0:12  Probe  
  14  0:17  Pylon  
  14  0:24  Probe  
  15  0:32  Probe  
  15  0:37  Gateway  
  15  0:40  Probe  
  16  0:46  Assimilator  
  17  0:50  Probe  
  17  0:54  Assimilator  
  18  0:59  Probe  
  19  1:07  Probe  
  19  1:08  Gateway  
  20  1:17  Probe  
  20  1:25  Cybernetics Core  
  21  1:29  Probe  
  22  1:38  Pylon  
  22  1:41  Probe  
  24  2:02  Robotics Facility  
  24  2:03  Stalker  
  24  2:05  Stalker  
  27  2:11  Warp Gate  
  27  2:16  Pylon  
  27  2:20  Probe  
  28  2:36  Stalker x2  
  32  2:52  Immortal  
  36  2:59  Pylon  
  36  3:05  Pylon  
  36  3:13  Pylon  
  36  3:29  Warp Prism  
  34  3:44  Pylon  
  34  3:53  Gateway  
  34  3:54  Shield Battery  
  34  4:00  Sentry x2  
  38  4:07  Observer  
  29  4:38  Stalker x2  
Tags
 
Add a new tag
Caveats
  • Supply blocks, unpowered buildings, or Contaminate may cause inaccurate times.
  • Supply counts are checked every 10 seconds.